 Dungeon Crawl Stone Soup version 0.29.0-13-gc9e81de378 (webtiles) character file.

Game seed: 4618414254691423674

466 Ofeo the Chiller (level 7, 0/50 HPs)
             Began as a Meteoran Ice Elementalist on Sept 9, 2022.
             Killed from afar by an orc wizard (11 damage)
             ... with a puff of flame
             ... on level 5 of the Dungeon.
             The game lasted 00:06:39 (659 turns).

Ofeo the Chiller (Meteoran Ice Elementalist)         Turns: 659, Time: 00:06:40

Health: 0/50       AC: 10    Str:  7 (9)  XL:     7   Next: 55%
Magic:  15/15      EV: 10    Int: 19 (20) God:
Gold:   96         SH:  0    Dex: 11 (14) Spells: 9/16 levels left

rFire   . . .      SeeInvis .   d - +2 dagger (drain)
rCold   + . .      Faith    .   (no shield)
rNeg    . . .      Spirit   .   h - +4 ring mail of the Fisher {rC+}
rPois   .          Reflect  .   (no helmet)
rElec   .          Harm     .   (no cloak)
rCorr   .          Rampage  .   c - +0 pair of gloves "Hujaguw" {Slay+4}
Will    .....                   (no boots)
Stlth   +.........              (no amulet)
HPRegen 0.16/turn               (no ring)
MPRegen 0.14/turn               (no ring)

@: brilliant, glowing
A: sense surroundings 1, otherworldly, glowing, explore regen
a: no special abilities


You were on level 5 of the Dungeon.
You visited 1 branch of the dungeon, and saw 5 of its levels.

You collected 96 gold pieces.

Inventory:

Hand Weapons
 d - a +2 dagger of draining (weapon)
 n - a +1 falchion of electrocution
Armour
 a - a +0 robe
 c - the +0 pair of gloves "Hujaguw" (worn) {Slay+4}
   (You found it on level 2 of the Dungeon)

   Slay:      It affects your accuracy & damage with ranged weapons and melee
   (+4).
 h - the +4 ring mail of the Fisher (worn) {rC+}
   (You found it on level 3 of the Dungeon)

   rC:        It protects you from cold.
Wands
 m - a wand of charming (7)
 o - a wand of roots (6)
Scrolls
 g - a scroll of torment {unknown}
 i - 2 scrolls of fog {unknown}
 k - a scroll of teleportation {unknown}
 l - 2 scrolls of noise {unknown}
 p - a scroll of identify {unknown}
Potions
 b - a potion of magic


   Skills:
 + Level 4.9 Dodging
 + Level 3.1 Stealth
 + Level 5.0 Spellcasting
 + Level 5.9 Ice Magic


You had 9 spell levels left.
You knew the following spells:

 Your Spells              Type           Power      Damage    Failure   Level
a - Freeze                Ice            100%       1d11      3%          1
b - Frozen Ramparts       Ice            80%        1d13      12%         3
c - Ozocubu's Armour      Ice            40%        N/A       12%         3

Your spell library contained the following spells:

 Spells                   Type           Power      Damage    Failure   Level
 Hailstorm                Conj/Ice       24%        3d7       78%         4


Dungeon Overview and Level Annotations

Branches:
Dungeon (5/15) Zot: 2340
 Temple: D:4-7

Altars:

Annotations:
D:5 Ijyb


Innate Abilities, Weirdness & Mutations

You passively map a small area around you.
You are easily found by Zot.
You glow in the dark.
You regain HP and MP as you explore.


Message History

Something hits you.
* * * LOW HITPOINT WARNING * * *
You take 4 damage, and have 12/50 hp.
The iguana attacks as you move away! The iguana barely misses you.
The iguana attacks as you move away! The iguana completely misses you.
Something hits you.
* * * LOW HITPOINT WARNING * * *
You take 2 damage, and have 10/50 hp.
It was a potion of degeneration.
There was something very wrong with that liquid.
You feel weakened.
You feel dopey.
You feel clumsy. The iguana misses you.
It was a potion of curing.
You feel better. The iguana bites you.
* * * LOW HITPOINT WARNING * * *
Aiming: Charm
Press: ? - help, Shift-Dir - straight line, f - iguana
Aim: an iguana (chance to affect: 57%)
The iguana resists with significant effort.
The iguana bites you but does no damage.
Something hits you but does no damage.
Aiming: Charm
Press: ? - help, Shift-Dir - straight line, f/p - iguana
Aim: an iguana (chance to affect: 57%)
The iguana is charmed.
Ijyb hits your iguana but does no damage.
Your iguana bites Ijyb but does no damage.
Something hits you but does no damage.
You hit something.
Ijyb hits your iguana with a +2 dagger of freezing.
Ijyb freezes your iguana.
Your iguana bites Ijyb.
Something hits you but does no damage.
MP restored: 15 You miss something.
Ijyb hits your iguana with a +2 dagger of freezing.
Your iguana seems to slow down.
Ijyb freezes your iguana.
Your iguana completely misses Ijyb.
You hear some strange, mumbled words.
A puff of flame appears from out of thin air!
The puff of flame hits you!
You die...

. * * .. , ###... *
################...... ,
####......... ........... ,
...........####..#......
........#g......!...... *
#......{l.............
###.รท....@###..###...... ,
, #....<.....##)[##.......
,..............))....######
, .##........<........# *
...................##
.#.................#* *
##................#,, *
#.........#........
....................


You could see Ijyb (ally target) and a friendly iguana (charmed, slow).

Vanquished Creatures
  A black bear (D:5)
  An ogre (D:4)
  2 scorpions (D:4)
  2 hounds (D:4)
  An iguana (D:5)
  3 adders
  14 orcs
  A bat (D:3)
  4 endoplasms
  2 giant cockroaches (D:4)
  5 goblins (D:2)
  5 hobgoblins
  2 quokkas
  3 ball pythons
  A frilled lizard (D:3)
  2 kobolds
  A rat (D:2)
50 creatures vanquished.

Notes
Turn   | Place    | Note
-------+----------+-------------------------------------------
     0 | D:1      | Ofeo the Meteoran Ice Elementalist began the quest for the
                  | Orb.
     0 | D:1      | Reached XP level 1. HP: 14/14 MP: 5/5
    45 | D:2      | Identified the +0 pair of gloves "Hujaguw" {Slay+4}
    57 | D:2      | Reached XP level 2. HP: 16/20 MP: 1/6
    73 | D:2      | Reached XP level 3. HP: 20/26 MP: 1/8
   197 | D:3      | Identified the +4 ring mail of the Fisher {rC+}
   224 | D:3      | Learned a level 3 spell: Frozen Ramparts
   228 | D:3      | Learned a level 3 spell: Ozocubu's Armour
   257 | D:3      | Reached XP level 4. HP: 33/33 MP: 7/10
   386 | D:5      | Entered Level 5 of the Dungeon
   386 | D:5      | Noticed a black bear
   397 | D:5      | Killed a black bear
   398 | D:5      | Reached skill level 5 in Ice Magic
   398 | D:5      | Reached XP level 5. HP: 30/38 MP: 8/12
   398 | D:5      | Reached XP level 6. HP: 35/45 MP: 8/13
   545 | D:4      | Noticed an ogre
   552 | D:4      | Killed an ogre
   553 | D:4      | Reached XP level 7. HP: 39/50 MP: 11/15
   639 | D:5      | Reached skill level 5 in Spellcasting
   641 | D:5      | Noticed Ijyb
   659 | D:5      | Killed from afar by an orc wizard

Illustrated notes

Levels and vault maps discovered:
D:1:      roderic_dead_forest, layout_rooms,
          shapermc_ecumenical_altar_mp_urbaneastern, serial_shops, shop_statue
D:2:      layout_rooms, uniq_crazy_yiuf_cottage
D:3:      layout_loops_ring, mainiacjoe_overflow_catwalk
D:4:      layout_basic, hangedman_decor_lopped, minmay_misc_feat_tiny,
          uniq_blork_the_orc
D:5:      layout_rooms, nicolae_overflow_hidden_temple, minmay_manual_mullet,
          uniq_ijyb

Skill      XL: |  1  2  3  4  5  6  7 |
---------------+----------------------+-----
Spellcasting   | 3 4 5 |  5.0
Dodging        | 3 4 |  4.9
Stealth        | 2 3 |  3.1
Ice Magic      | 5 |  5.9

Action                   |  1- 3 |  4- 6 |  7- 9 || total
-------------------------+-------+-------+-------++-------
Melee: Dagger            |    11 |    38 |    13 ||    62
       Unarmed           |    11 |       |       ||    11
 Cast: Freeze            |    20 |     4 |       ||    24
       Ozocubu's Armour  |       |     1 |       ||     1
       Frozen Ramparts   |       |     4 |     3 ||     7
Evoke: Wand              |       |       |     2 ||     2
  Use: Potion            |       |       |     3 ||     3
Armor: Robe              |    16 |       |       ||    16
       Ring mail         |     2 |    31 |    14 ||    47
Dodge: Dodged            |    30 |    30 |     4 ||    64
